[Event "WSTCC-50 2024"]
[Site "Krakow"]
[Date "2024.07.07"]
[Round "6.3"]
[White "Jhunjhnuwala, Ramesh"]
[Black "Metcalfe, Allister"]
[Result "1/2-1/2"]
[ECO "C07"]
[WhiteElo "2050"]
[BlackElo "1889"]
[Annotator "NA RC"]
[PlyCount "83"]
[EventDate "2024.07.01"]
[EventType "team-tourn"]
[EventCountry "POL"]
[SourceTitle "playchess.com"]
[Source "ChessBase"]
[SourceQuality "1"]
[TimeControl "40/5400+30:1800+30"]

1. e4 e6 2. d4 d5 3. Nd2 c5 4. exd5 Qxd5 5. dxc5 Nf6 6. Ngf3 Qxc5 7. Nb3 Qc7 8. Bd3 Be7 9. O-O O-O 10. Bg5 Nc6 11. c3 b6 12. Qe2 Bb7 13. Rfe1 Rfe8 14. Rad1 Nd5 15. Qe4 g6 16. Qh4 Bf8 17. Bb5 a6 18. Bxc6 Bxc6 19. Ne5 Bg7 20. Nxc6 Qxc6 21. Qe4 Qc7 22. Rxd5 f5 23. Qe2 exd5 24. Qxe8+ Rxe8 25. Rxe8+ Kf7 26. Re7+ Qxe7 27. Bxe7 Kxe7 28. Kf1 Kd6 29. Ke2 Bf6 30. Kd3 b5 31. Nd4 Bd8 32. b3 Bb6 33. f4 Ba7 34. h3 Bb6 35. Nf3 Bc7 36. Nd4 Bb6 37. Ne2 Bf2 38. b4 Ba7 39. Nd4 Bb6 40. Ne2 Bf2 41. Nd4 Bg3 42. Ne2 1/2-1/2

[Event "WSTCC-50 2024"]
[Site "Krakow"]
[Date "2024.07.07"]
[Round "6.3"]
[White "Barron, Michael"]
[Black "Petursson, Margeir"]
[Result "0-1"]
[ECO "B54"]
[WhiteElo "2046"]
[BlackElo "2397"]
[Annotator "RC"]
[PlyCount "142"]
[EventDate "2024.07.01"]
[EventType "team-tourn"]
[EventCountry "POL"]
[SourceTitle "playchess.com"]
[Source "ChessBase"]
[SourceQuality "1"]
[TimeControl "40/5400+30:1800+30"]

1. e4 c5 2. Nf3 d6 3. d4 cxd4 4. Nxd4 Nf6 5. f3 Nc6 6. c4 Qb6 7. Nb3 g6 8. Nc3 Bg7 9. Qe2 Nb4 10. Na4 Qc7 11. Be3 Be6 12. Qd2 Nc6 13. Rc1 O-O 14. Be2 Ne5 15. Nd4 Bd7 16. Nc3 Rfc8 17. b3 Qa5 18. Nd5 Qxd2+ 19. Kxd2 Kf8 20. a4 Nc6 21. Nb5 Ne8 22. Kd3 e6 23. Ndc3 Ke7 24. Nd4 Nb4+ 25. Kd2 Nc7 26. Ndb5 a5 27. Bd4 Bxd4 28. Nxd4 f5 29. f4 Nca6 30. Bd1 Nc5 31. exf5 gxf5 32. Bc2 Bc6 33. Rhg1 Rg8 34. g3 Kf6 35. Rce1 h5 36. Re3 Nxc2 37. Kxc2 e5 38. Nde2 Be4+ 39. Nxe4+ Nxe4 40. Rf1 Ke6 41. Nc3 Nxc3 42. Kxc3 e4 43. Rd1 Rac8 44. Rd5 Rc5 45. Kd4 Rxd5+ 46. cxd5+ Kd7 47. b4 axb4 48. Rb3 h4 49. Rxb4 hxg3 50. hxg3 Rxg3 51. Rxb7+ Kc8 52. Rf7 Rd3+ 53. Kc4 Rd1 54. a5 e3 55. Re7 Rf1 56. a6 Kb8 57. Rxe3 Rxf4+ 58. Kb5 Rf1 59. Re8+ Ka7 60. Re7+ Ka8 61. Rf7 f4 62. Kb6 Rb1+ 63. Kc6 Rf1 64. Kb6 Rb1+ 65. Kc7 Rf1 66. Kc6 Kb8 67. Kxd6 f3 68. Kc6 Rc1+ 69. Kd7 Rc7+ 70. Ke6 Rxf7 71. Kxf7 f2 0-1

[Event "WSTCC-50 2024"]
[Site "Krakow"]
[Date "2024.07.07"]
[Round "6.4"]
[White "Thorhallsson, Throstur"]
[Black "Findlay, Ian T."]
[Result "1-0"]
[ECO "B50"]
[WhiteElo "2385"]
[BlackElo "2118"]
[Annotator "TA"]
[PlyCount "99"]
[EventDate "2024.07.01"]
[EventType "team-tourn"]
[EventCountry "POL"]
[SourceTitle "playchess.com"]
[Source "ChessBase"]
[SourceQuality "1"]
[TimeControl "40/5400+30:1800+30"]

1. e4 c5 2. Nf3 d6 3. c3 Nf6 4. Bd3 g6 5. Bc2 Bg7 6. h3 O-O 7. O-O b5 8. d4 cxd4 9. cxd4 Bb7 {[%emt 0:00:19] The position is equal.} 10. Re1 Nc6 11. Nc3 b4 12. Na4 e6 13. Bf4 Re8 14. Bh2 e5 15. dxe5 Nxe5 16. Bxe5 dxe5 17. Nc5 {[%emt 0:00:38] Qxd8 would now be deadly.} Qxd1 18. Bxd1 Bc6 19. Bb3 a5 20. Rac1 Bh6 21. Rcd1 (21. Rc2 $5) 21... Bf8 {[%emt 0:02:49] Prevents Rd6. This pair of bishops is nice.} 22. Nd3 Nd7 23. Rc1 Bb5 24. Bc4 Bxc4 25. Rxc4 Rad8 26. Rc7 Nb6 27. Rc6 {[%emt 0:05:18] [#]} (27. Nc5 $11 {remains equal.}) 27... Rxd3 (27... Na4 $1 $17 28. Ndxe5 (28. Nfxe5 $2 Bg7 $19) 28... Nxb2) 28. Rxb6 $15 Rc8 29. Ra6 Rc5 (29... Rc2 $15) 30. b3 Bh6 31. h4 Bf4 32. Kf1 Kg7 33. Ra7 Rdc3 34. Rb7 Rc2 35. g3 Bh6 36. Rd1 {[%emt 0:00:58] Black must now prevent Rdd7.} Rc1 $1 (36... Rxa2 $2 37. Rdd7 Kg8 38. Rxf7 $18) 37. Rxc1 Rxc1+ $11 {[%emt 0:00:35][%mdl 4096] Endgame. KRB-KRN} (37... Bxc1 $11 38. Kg2 h6) 38. Kg2 $16 Rc5 39. Ne1 Kf6 {[%emt 0:02:07] [#]} 40. Ra7 $1 Ke6 (40... Bd2 $142 41. Nf3 (41. Nd3 Rc2 $16) 41... Bc1) 41. Nd3 {[%emt 0:30:56] White is more active.} Rb5 42. Nb2 Bd2 43. Nc4 Bc3 44. Ra6+ (44. Rxa5 $6 Rxa5 45. Nxa5 Kd7 $11) 44... Kd7 45. Nxa5 (45. Rxa5 Rxa5 46. Nxa5 f5 $16) 45... Bd4 46. Nc4 h5 47. Kf3 Rb8 48. Ke2 Rb7 (48... Ke8 $16 49. Ra4 Ke7) 49. f4 $18 exf4 $2 (49... Rc7 50. Kf3 (50. Nxe5+ Bxe5 51. fxe5 Rc3 $16) (50. fxe5 Rc6 $18) 50... Ke7 51. fxe5 (51. Nxe5 Rc3+ 52. Kg2 Rc2+ 53. Kf1 Bxe5 $11) 51... Rd7) 50. Rd6+ {[%emt 0:00:00] Weighted Error Value: White=0.10 (very precise) /Black=0.20 (precise) .  Mistake:       	White=1     	Black=6      Inaccurate:     	White=4     	Black=4      OK:         	White=18    	Black=16     Best:        	White=3     	---        Strong:       	White=1     	Black=1} ({Not} 50. gxf4 Ke7 51. f5 (51. Na5 Rb6 $18) 51... Bc3 $18) 1-0

[Event "WSTCC-50 2024"]
[Site "Krakow"]
[Date "2024.07.07"]
[Round "6.4"]
[White "Koop, Thilo"]
[Black "Kantorik, Marian"]
[Result "0-1"]
[ECO "C03"]
[WhiteElo "2088"]
[BlackElo "2198"]
[Annotator "RC"]
[PlyCount "74"]
[EventDate "2024.07.01"]
[EventType "team-tourn"]
[EventCountry "POL"]
[SourceTitle "playchess.com"]
[Source "ChessBase"]
[SourceQuality "1"]
[TimeControl "40/5400+30:1800+30"]

1. e4 e6 2. d4 d5 3. Nd2 Be7 4. Ngf3 Nf6 5. e5 Nfd7 6. Bd3 c5 7. c3 Nc6 8. O-O cxd4 9. cxd4 g5 10. Nb1 g4 11. Ne1 h5 12. Be3 Nb6 13. Nc3 Bd7 14. Qe2 a6 15. Nc2 Na5 16. f4 Nbc4 17. f5 Nxb2 18. fxe6 Bxe6 19. Bf5 Qc7 20. Bxe6 fxe6 21. Nb5 axb5 22. Qxb5+ Qc6 23. Qxb2 Nc4 24. Qb1 h4 25. Nb4 Qb5 26. Qg6+ Kd7 27. Rf7 Rae8 28. Bg5 Qxb4 29. Rb1 Nb2 30. Bxe7 Rxe7 31. Rxe7+ Qxe7 32. Rxb2 Kc7 33. Qxg4 Kb8 34. Qe2 h3 35. Qb5 Rc8 36. Qf1 hxg2 37. Kxg2 Qg5+ 0-1

[Event "WSTCC-50 2024"]
[Site "Krakow"]
[Date "2024.07.07"]
[Round "6.4"]
[White "Schutte, Andre"]
[Black "Jhunjhnuwala, Suresh"]
[Result "1-0"]
[ECO "B20"]
[WhiteElo "1817"]
[BlackElo "1888"]
[Annotator "NA RC"]
[PlyCount "61"]
[EventDate "2024.07.01"]
[EventType "team-tourn"]
[EventCountry "POL"]
[SourceTitle "playchess.com"]
[Source "ChessBase"]
[SourceQuality "1"]
[TimeControl "40/5400+30:1800+30"]

1. e4 c5 2. c4 Nc6 3. Nc3 g6 4. g3 Bg7 5. Bg2 d6 6. Nge2 Nf6 7. O-O O-O 8. d3 Bd7 9. h3 a6 10. Rb1 Rb8 11. Qd2 b5 12. b3 b4 13. Nd1 a5 14. f4 a4 15. Ne3 axb3 16. axb3 Ne8 17. f5 Nd4 18. Nxd4 Bxd4 19. Bb2 Bxb2 20. Rxb2 Nf6 21. g4 Bc6 22. g5 Nd7 23. Ng4 f6 24. fxg6 Qe8 25. gxh7+ Kxh7 26. gxf6 Qg6 27. fxe7 Rxf1+ 28. Kxf1 Re8 29. Qf2 Rxe7 30. Qh4+ Kg8 31. Qxe7 1-0

[Event "WSTCC-50 2024"]
[Site "Krakow"]
[Date "2024.07.07"]
[Round "6.5"]
[White "Buckley, Graeme N"]
[Black "Ehlvest, Jaan"]
[Result "1-0"]
[ECO "B81"]
[WhiteElo "2334"]
[BlackElo "2528"]
[Annotator "TA"]
[PlyCount "82"]
[EventDate "2024.07.01"]
[EventType "team-tourn"]
[EventCountry "POL"]
[SourceTitle "playchess.com"]
[Source "ChessBase"]
[SourceQuality "1"]
[TimeControl "40/5400+30:1800+30"]

1. e4 c5 2. Nf3 e6 3. d4 cxd4 4. Nxd4 Nf6 5. Nc3 d6 6. g4 h6 7. h4 Nc6 8. Rg1 h5 9. gxh5 Nxh5 10. Bg5 Nf6 11. Qd2 Qb6 12. Nb3 Bd7 13. O-O-O a6 14. Kb1 O-O-O (14... Qc7 $142) 15. Rg3 ({White should play} 15. Be3 $16 Qc7 16. f4) 15... Kb8 $14 16. f4 {[%emt 0:05:42][%cal Bf2f4,Bf4f5][%mdl 32] White is slightly better.} Rc8 {[%emt 0:15:13] [#]} 17. f5 $1 Ne5 18. Be3 Qc7 19. Bg1 b5 (19... exf5 20. Qf2 Nc6 21. Nd5 Nxe4 22. Nxc7 $17) (19... Rxh4 {with more complications.} 20. Qf2 b5 21. a4 Rg4) 20. fxe6 fxe6 21. Nd4 Qb7 {[%emt 0:07:23][%cal Ob5b4] aiming for ...b4!} 22. Qe1 b4 23. Nce2 Nxe4 24. Rb3 a5 25. Bg2 $132 {[%emt 0:04:39][%mdl 2048] White is fighting back} Nc4 {[%emt 0:03:48][%cal Oe4d2] ...Ned2+! is the strong threat.} 26. Nf4 $1 (26. Ng3 $2 Nc3+ 27. bxc3 Qxg2 28. cxb4 a4 $19 (28... Rxh4 29. bxa5+ Ka8 30. Ngf5 $15)) 26... d5 {[%emt 0:00:32] Hoping for ...Rh6.} 27. Ndxe6 Bxe6 28. Nxe6 {[%emt 0:07:48] Rbd3 would now be deadly.} Re8 29. Bh2+ {[%emt 0:06:03] A strong pair of Bishops.} Bd6 30. Bxd6+ Ncxd6 31. Bh3 {[%emt 0:02:02] [#]} (31. Bxe4 $11 {remains equal.} Rxe6 32. Qg3 dxe4 33. Rxd6 Rxd6 34. Qxd6+ Qc7 35. Qd5 Rxh4 36. a3 Rh1+ 37. Ka2 Qxc2 38. Qb5+ Kc8 39. Qf5+ Kc7 40. Qxa5+ Kc8 41. Qf5+ (41. Qxb4 $2 Qb1#) 41... Kc7 42. Qe5+ (42. Rxb4 Qb1+ 43. Kb3 Qd3+ 44. Ka2 Qb1+ 45. Kb3 Qd1+ 46. Ka2 Qa1+ 47. Kb3 Qd1+ 48. Ka2 Qb1+ $11) 42... Kc8 43. Qe6+ (43. Rxb4 Qb1+ 44. Kb3 Qd1+ 45. Ka2 Qb1+ 46. Kb3 Qd1+ 47. Ka2 Qa1+ 48. Kb3 Qd1+ $11) 43... Kc7 44. Qe7+ (44. Rxb4 Qb1+ 45. Kb3 Qd1+ 46. Ka2 Qa1+ 47. Kb3 Qd1+ 48. Ka2 Qa1+ 49. Kb3 Qd1+ $11) 44... Kc6 45. Qe6+ (45. Qxg7 $2 Qb1#) 45... Kc7 46. Rxb4 Qb1+ 47. Kb3 Qd1+ 48. Ka2 Qa1+ 49. Kb3 Qd1+ 50. Ka2 Qa1+ 51. Kb3 Qd1+) 31... Rh6 $1 $17 32. a3 Rhxe6 33. Bxe6 Rxe6 34. axb4 a4 35. Rf3 {[%emt 0:00:48] [#]} (35. Rbd3 $142) 35... Re8 (35... Qe7 $1 $17 {White must now prevent ...Nc4.} 36. Qe3 (36. Rxd5 Nf6 $17) 36... Nc4 (36... Qxh4 $2 {perishes.} 37. Qb6+ Kc8 38. Rf8+ Re8 39. Qc6+ Kd8 40. Rxe8+ Nxe8 41. Rxd5+ N8d6 42. Rxd6+ Nxd6 43. Qxd6+ Ke8 44. Qe6+ Qe7 45. Qc4 $18)) 36. Qf1 $2 {[%emt 0:01:38][%mdl 8192] Against Nc4. White does not recover from this.} (36. Ka1 $11 {and White stays safe.}) 36... Nc4 37. Qg2 $2 (37. Rf8 $19 Ned2+ 38. Ka2 Nxf1 39. Rxe8+ Ka7 40. Rxf1) 37... Qxb4 {[%emt 0:01:12][%csl Gc4][%cal Rb4b2] Black mates.} 38. c3 {[%emt 0:00:02] [#]} Ned2+ $1 39. Rxd2 (39. Qxd2 Nxd2+) 39... Re1+ 40. Kc2 Qb3+ 41. Kd3 Ne5+ {[%emt 0:30:05][%mdl 32768] Weighted Error Value: White=0.45/Black=0.15 (very precise) .  Loses game:     	White=1     	---        Mistake:       	White=4     	Black=2      Inaccurate:     	White=1     	Black=1      OK:         	White=7     	Black=9      Best:        	White=2     	Black=2      Strong:       	White=1     	Black=1     . Loss on time!?} 1-0

[Event "WSTCC-50 2024"]
[Site "Krakow"]
[Date "2024.07.07"]
[Round "6.5"]
[White "Dahl, Fredrik A"]
[Black "Schuster, Karsten"]
[Result "0-1"]
[ECO "A46"]
[WhiteElo "2237"]
[BlackElo "2307"]
[Annotator "TA"]
[PlyCount "138"]
[EventDate "2024.07.01"]
[EventType "team-tourn"]
[EventCountry "POL"]
[SourceTitle "playchess.com"]
[Source "ChessBase"]
[SourceQuality "1"]
[TimeControl "40/5400+30:1800+30"]

1. d4 Nf6 2. Nf3 d5 3. c4 e6 4. g3 Bb4+ 5. Bd2 Be7 6. Bg2 O-O 7. O-O c6 8. Qc2 Nbd7 9. Bf4 b6 10. cxd5 {[%emt 0:03:52] 10.Nbd2 wird beliebter.} cxd5 11. Nc3 {[%emt 0:06:14] E08: Katalanisch.} Bb7 12. Rfc1 a6 13. Ne5 Rc8 $146 ({Predecessor:} 13... Nxe5 14. Bxe5 b5 15. e3 Nd7 16. Ne2 Nxe5 17. dxe5 Rc8 18. Qb3 Qb6 19. a4 b4 {½-½ Arnold,K (2406)-Marra,E (2180) Titled Tuesday intern op 6th Aug blitz 2019 (9)}) 14. a4 Nxe5 15. Bxe5 Ne4 16. h4 Nd6 17. b3 Ne4 18. Qd3 Nxc3 19. Rxc3 Bb4 20. Rc2 (20. Rxc8 {vereinfacht} Qxc8 21. Bf1 f6 22. Bf4) 20... Qd7 21. Rac1 Rxc2 22. Rxc2 Rc8 23. Bf4 Rxc2 24. Qxc2 Qc6 25. Qxc6 Bxc6 26. e3 b5 27. axb5 Bxb5 28. Bf1 Bxf1 29. Kxf1 Kf8 30. Ke2 Ke7 31. g4 Kd7 32. h5 Kc6 33. Kd3 Kb5 34. f3 Be7 35. Kc3 Bh4 36. Bd6 g6 37. Kd3 Be1 38. Be7 Bb4 39. Bh4 gxh5 40. gxh5 Bd6 41. Be1 Kc6 42. Bd2 Kd7 43. e4 f6 44. Bh6 Ke8 45. Ke3 Bg3 46. exd5 exd5 47. f4 f5 48. Bg7 Kd7 49. Be5 $1 Kc6 50. Kd3 Kb5 51. Bd6 Be1 52. Be5 Bb4 53. Kc2 a5 54. Bf6 a4 55. bxa4+ Kxa4 56. Be5 Be7 57. Kc3 Bh4 58. Bd6 Bf2 59. Bc5 $2 (59. Kd3 $11) 59... Be1+ $19 60. Kc2 Bb4 61. Kd3 $2 (61. Bb6 Kb5 62. Kb3) 61... Kb3 $2 (61... Kb5 62. Ba7 Bd6) 62. Bb6 Bd6 63. Ke3 $2 (63. Ba5 $19) 63... Kc4 64. Bd8 Ba3 65. Bf6 Bc1+ 66. Kf3 Kd3 67. Be5 Be3 68. h6 Bxd4 69. Kg3 Ke4 0-1

[Event "WSTCC-50 2024"]
[Site "Krakow"]
[Date "2024.07.07"]
[Round "6.5"]
[White "Csonkics, Tunde"]
[Black "Zeidler, Sven P."]
[Result "1/2-1/2"]
[ECO "A04"]
[WhiteElo "1995"]
[BlackElo "2116"]
[Annotator "RC"]
[PlyCount "149"]
[EventDate "2024.07.01"]
[EventType "team-tourn"]
[EventCountry "POL"]
[SourceTitle "playchess.com"]
[Source "ChessBase"]
[SourceQuality "1"]
[TimeControl "40/5400+30:1800+30"]

1. Nf3 f5 2. g3 Nf6 3. Bg2 g6 4. b3 Bg7 5. Bb2 O-O 6. O-O d6 7. d4 Ne4 8. Nbd2 Nc6 9. Ne1 Nxd2 10. Qxd2 e5 11. Bxc6 bxc6 12. dxe5 dxe5 13. Nd3 e4 14. Bxg7 Kxg7 15. Qc3+ Qf6 16. Ne5 Ba6 17. Rfe1 Rfe8 18. f4 c5 19. Qxc5 Qb6 20. Nd7 Qxc5+ 21. Nxc5 Bb5 22. Rad1 Kf7 23. a4 Bc6 24. b4 Rad8 25. c4 Rd6 26. b5 Ba8 27. a5 Red8 28. Rc1 Rd2 29. Na6 Bb7 30. Nxc7 e3 31. Nd5 Bxd5 32. cxd5 Rd7 33. b6 R2xd5 34. Rb1 Rb7 35. Rec1 Rxa5 36. Rc7+ Rxc7 37. bxc7 Rc5 38. Rb7 Ke6 39. Rxa7 h6 40. Kg2 Rc3 41. Kf3 Kf6 42. h3 h5 43. g4 hxg4+ 44. hxg4 fxg4+ 45. Kxg4 Rc4 46. Kf3 g5 47. fxg5+ Kxg5 48. Kxe3 Kf6 49. Kd3 Rc1 50. Kd4 Ke6 51. Ke4 Rc4+ 52. Kd3 Rc1 53. e3 Kd6 54. Ke4 Ke6 55. Kf4 Rf1+ 56. Kg5 Rg1+ 57. Kf4 Rf1+ 58. Ke4 Rc1 59. Ra6+ Kd7 60. Ke5 Rxc7 61. e4 Ke7 62. Kf5 Rc1 63. Ra7+ Ke8 64. e5 Rc6 65. Ra5 Ke7 66. Ra3 Rb6 67. Rg3 Ra6 68. Rg7+ Kf8 69. Rd7 Ke8 70. Rd6 Rxd6 71. exd6 Kd7 72. Ke5 Kd8 73. Ke6 Ke8 74. d7+ Kd8 75. Kd6 1/2-1/2

[Event "WSTCC-50 2024"]
[Site "Krakow"]
[Date "2024.07.07"]
[Round "6.6"]
[White "Shabalov, Alexander"]
[Black "Dishman, Stephen"]
[Result "1/2-1/2"]
[ECO "A06"]
[WhiteElo "2467"]
[BlackElo "2308"]
[Annotator "TA"]
[PlyCount "50"]
[EventDate "2024.07.01"]
[EventType "team-tourn"]
[EventCountry "POL"]
[SourceTitle "playchess.com"]
[Source "ChessBase"]
[SourceQuality "1"]
[TimeControl "40/5400+30:1800+30"]

1. Nf3 d5 2. g3 g6 3. Bg2 Bg7 4. O-O e5 5. c4 dxc4 6. Na3 Nc6 7. Nxc4 Nge7 8. d3 O-O 9. Bd2 Be6 10. Rc1 a5 11. Qa4 Nf5 {[%emt 0:07:13][%cal Ob7b5] White must now prevent ...b5!} 12. Rfe1 (12. Bxa5 $2 {loses.} Bxc4 13. Qxc4 Rxa5 $19 (13... Nd6 $2 14. Bxc7 Qxc7 15. Qd5 $19)) (12. Nxa5 $2 Nxa5 13. Qd1 (13. Bxa5 $2 b6 $19) 13... Bxa2 $19) 12... Bd7 13. Ne3 (13. Bxa5 $2 {perishes.} Nxa5 14. Qb4 Nxc4 15. Qxc4 c6 $19) 13... Ncd4 14. Qc4 c6 15. Nxf5 Bxf5 16. Nxd4 exd4 17. Qb3 Qd7 18. Qa4 Rfc8 (18... Ra6 $15) 19. Rc5 $11 {[%emt 0:02:23] The position is equal.} b5 20. Qc2 Ra6 21. a4 $1 ({Much weaker is} 21. Rc1 Bf8 $15) 21... Bf8 22. axb5 cxb5 23. Rxc8 Qxc8 24. Qxc8 Bxc8 25. Rc1 Bg4 {[%emt 0:01:14] Weighted Error Value: White=0.04 (flawless) /Black=0.09 (flawless) .  Mistake:       	---       	Black=1      Inaccurate:     	White=1     	---        OK:         	White=9     	Black=7      Best:        	White=2     	---        Strong:       	White=1     	---} 1/2-1/2

[Event "WSTCC-50 2024"]
[Site "Krakow"]
[Date "2024.07.07"]
[Round "6.6"]
[White "Grawe, Christian"]
[Black "Kirkebo, Carl Peter"]
[Result "1-0"]
[ECO "B40"]
[WhiteElo "2232"]
[BlackElo "2160"]
[Annotator "TA"]
[PlyCount "81"]
[EventDate "2024.07.01"]
[EventType "team-tourn"]
[EventCountry "POL"]
[SourceTitle "playchess.com"]
[Source "ChessBase"]
[SourceQuality "1"]
[TimeControl "40/5400+30:1800+30"]

1. e4 c5 2. Nf3 e6 3. c3 Nf6 4. e5 Nd5 5. Bc4 d6 6. d4 cxd4 7. cxd4 Nc6 8. O-O Be7 9. Qe2 Nb6 10. Bb3 O-O 11. Nc3 dxe5 12. dxe5 Qc7 13. Re1 Bd7 (13... Rd8 $14) 14. Qe4 $16 Nb4 15. Bg5 (15. Ng5 $16 Bxg5 16. Bxg5) 15... Bc6 $14 16. Qh4 Rae8 ({Black should play} 16... Rfe8 $1 $14) 17. Ne4 N6d5 {[%emt 0:09:05] Against Nf6+} (17... Bxe4 $16 18. Qxe4 (18. Rxe4 N6d5 $16) 18... Rc8) 18. Rad1 $40 {[%emt 0:07:43][%mdl 128] White has strong attack.} Bxg5 19. Nfxg5 (19. Nexg5 $6 h6 $16) 19... h6 20. a3 Qxe5 21. axb4 {[%emt 0:07:16][%cal Ob4b5] b5! would now be deadly.} hxg5 22. Nxg5 Qf5 {[%emt 0:00:39] [#] Against Qh7+} 23. b5 $1 Bxb5 {[%emt 0:04:14] [#]} 24. Re5 $3 {[%emt 0:05:45][%mdl 512] The board is on fire.} Qg6 25. Ne4 {[%emt 0:01:50][%mdl 1024] White has strong compensation. White is more active.} f5 {[%emt 0:04:30] [#] This move loses the game for Black.} (25... Be2 $16 26. Re1 Bf3) 26. Ng5 $1 Bc6 27. f4 {[%emt 0:02:39][%cal Oe5e6] Rxe6! is the strong threat.} Rf6 28. Rd3 {[%emt 0:01:58] Hoping for Rh3.} Qh6 {[%emt 0:01:04] [#]} 29. Qf2 {[%emt 0:00:25][%cal Od3h3] Strongly threatening Rh3!} Qh5 (29... Nc7 30. Rh3 (30. Qxa7 Rc8 $18) 30... Qg6) 30. Rh3 {[%emt 0:00:50] White is clearly winning.} (30. Qxa7 $2 Nxf4 31. Nxe6 Nxe6 $19 (31... Nxd3 $2 32. Nf4+ Kh8 33. Nxh5 $19)) 30... Qg4 (30... Qg6 $142 31. Bd1 (31. Qxa7 Nxf4 32. Rg3 Ne2+ 33. Rxe2 f4 $11) 31... Rff8) 31. Rh4 (31. Qxa7 $2 {is the wrong capture.} Nxf4 (31... Qxf4 $2 32. Nf3 $19) 32. Rg3 Ne2+ 33. Rxe2 Qxe2 $19) 31... Nxf4 32. Rxg4 fxg4 33. Qc2 g6 34. Ba4 Bxa4 35. Qxa4 Ref8 36. h4 {[%emt 0:01:08][%cal Oa4d7] And now Qd7! would win.} (36. Qxa7 $2 {leads to mate.} Ne2+ 37. Kh1 Rf1+) 36... g3 {[%emt 0:01:40][%cal Of4e2] ( -> ...Ne2+!)} 37. Nf3 (37. Qxa7 $2 {gets mated.} Ne2+ 38. Kh1 Rf1+) 37... a6 38. Qe4 Rd8 39. Qc2 {[%emt 0:01:36] Dodges Rd1+} Rd3 40. Rg5 Kh7 41. Rxg3 {[%emt 0:30:25] Weighted Error Value: White=0.30/Black=0.55.  Mistake:       	White=1     	Black=6      Inaccurate:     	White=1     	Black=1      OK:         	White=9     	Black=4      Best:        	White=3     	Black=3      Strong:       	White=1     	---} 1-0

[Event "WSTCC-50 2024"]
[Site "Krakow"]
[Date "2024.07.07"]
[Round "6.6"]
[White "Davis, Lee"]
[Black "Forgo, Eva"]
[Result "1/2-1/2"]
[ECO "D00"]
[WhiteElo "1932"]
[BlackElo "2060"]
[Annotator "NA RC"]
[PlyCount "28"]
[EventDate "2024.07.01"]
[EventType "team-tourn"]
[EventCountry "POL"]
[SourceTitle "playchess.com"]
[Source "ChessBase"]
[SourceQuality "1"]
[TimeControl "40/5400+30:1800+30"]

1. d4 d5 2. g3 Nf6 3. Bg2 c6 4. Nf3 Bf5 5. c4 e6 6. O-O Nbd7 7. Nc3 h6 8. Qb3 Qb6 9. c5 Qxb3 10. axb3 a6 11. b4 Rc8 12. h4 Be7 13. Bf4 O-O 14. Ne5 Nxe5 1/2-1/2

[Event "WSTCC-50 2024"]
[Site "Krakow"]
[Date "2024.07.07"]
[Round "6.7"]
[White "Berg, Anders Hoyer"]
[Black "Kempter, Ronald"]
[Result "1/2-1/2"]
[ECO "C56"]
[WhiteElo "2079"]
[BlackElo "2204"]
[Annotator "TA"]
[PlyCount "73"]
[EventDate "2024.07.01"]
[EventType "team-tourn"]
[EventCountry "POL"]
[SourceTitle "playchess.com"]
[Source "ChessBase"]
[SourceQuality "1"]
[TimeControl "40/5400+30:1800+30"]

1. e4 e5 2. Nf3 Nc6 3. d4 exd4 4. Bc4 Nf6 5. O-O Nxe4 6. Re1 d5 7. Bxd5 Qxd5 8. Nc3 Qa5 9. Nxe4 Be6 10. Neg5 O-O-O 11. Nxe6 fxe6 12. Rxe6 Bd6 13. Bg5 Rde8 14. Qe1 Qxe1+ 15. Raxe1 Kd7 16. Rxe8 Rxe8 17. Rxe8 Kxe8 $11 {[%emt 0:00:04][%mdl 4096] Endgame. KBN-KBN} 18. Kf1 Kf7 19. Bd2 h6 20. Ke2 Ke6 21. Kd3 Kd5 22. Nxd4 {[%emt 0:06:01] [#] aiming for c4+.} Nxd4 23. c4+ Ke6 24. Kxd4 $14 {[%emt 0:00:14] KB-KB} Be5+ 25. Ke4 {[%emt 0:05:29] Hoping for Bc3.} Bxb2 26. g4 Bf6 {[%emt 0:12:27] Wards off h4} 27. f4 c6 28. f5+ Kd6 29. Bb4+ c5 (29... Kc7 $14) 30. Be1 ({White should try} 30. Bd2 $16) 30... a6 31. Bg3+ ({White should play} 31. a4 $1 $14) 31... Kc6 $11 {[%emt 0:00:33] The position is equal.} 32. Kd3 b5 33. h3 Kb6 34. Be1 Kc6 35. Bg3 Kb6 36. Be1 Kc6 37. Ke4 $2 {Weighted Error Value: White=0.09 (flawless) /Black=0.10 (very precise) .  Loses game:     	White=1     	---        Mistake:       	White=2     	Black=1      Inaccurate:     	---       	Black=1      OK:         	White=8     	Black=9      Best:        	White=1     	Black=2} (37. Bg3 $11 {and White is okay.}) 1/2-1/2

[Event "WSTCC-50 2024"]
[Site "Krakow"]
[Date "2024.07.07"]
[Round "6.7"]
[White "Csom, Etelka"]
[Black "Adams, Mark"]
[Result "1/2-1/2"]
[ECO "B23"]
[WhiteElo "1996"]
[BlackElo "1951"]
[Annotator "NA RC"]
[PlyCount "22"]
[EventDate "2024.07.01"]
[EventType "team-tourn"]
[EventCountry "POL"]
[SourceTitle "playchess.com"]
[Source "ChessBase"]
[SourceQuality "1"]
[TimeControl "40/5400+30:1800+30"]

1. e4 c5 2. Nc3 a6 3. g3 b5 4. Bg2 Bb7 5. d3 e6 6. a3 Nf6 7. Nge2 d6 8. O-O Nc6 9. h3 Qc7 10. Be3 Rc8 11. f4 g6 1/2-1/2